Map: [ESL] Solaris

Players

Classic - Winner!

  • Race: Protoss Protoss
  • Spawn Location: 1:00

Lambo

  • Race: Zerg Zerg
  • Spawn Location: 7:00

Event: ESL SC2 Masters 2023 Winter (Finals)

VOD

Have the link to the VOD?

Description

Time

  • Played on: Dec. 16, 2023, 1:07 p.m.
  • Length: 12:46

All games in this series

Show
View Real Time Build Order
Export as new Build Order

Classic Protoss - Winner!

Build Orders: 1 Gate Expand, Oracle Opening, Phoenix Opening 

Get SALT Encoding   

  12  0:00  Probe  
  13  0:12  Probe  
  14  0:19  Pylon  
  14  0:24  Probe  
  15  0:37  Probe (Chrono Boost)  
  16  0:44  Gateway  
  16  0:47  Probe (Chrono Boost)  
  17  0:51  Assimilator  
  17  0:52  Probe (Chrono Boost)  
  18  1:03  Probe  
  19  1:15  Probe  
  20  1:25  Nexus  
  20  1:30  Probe  
  21  1:41  Cybernetics Core  
  21  1:42  Probe  
  22  1:49  Assimilator  
  22  1:54  Pylon  
  22  1:57  Probe  
  23  2:13  Probe  
  23  2:14  Adept (Chrono Boost)  
  24  2:19  Stargate  
  26  2:25  Probe  
  26  2:27  Warp Gate  
  28  2:37  Probe x2 (Chrono Boost), Adept  
  31  2:46  Probe (Chrono Boost)  
  31  2:47  Probe (Chrono Boost)  
  33  2:51  Probe (Chrono Boost)  
  33  2:53  Probe  
  35  3:03  Phoenix (Chrono Boost), Probe  
  38  3:05  Probe  
  38  3:07  Adept  
  41  3:16  Probe  
  41  3:17  Probe  
  41  3:19  Pylon  
  43  3:24  Oracle (Chrono Boost)  
  46  3:30  Gateway  
  46  3:37  Probe x2  
  48  3:45  Pylon  
  48  3:49  Probe x2  
  48  3:51  Oracle (Chrono Boost)  
  53  4:00  Nexus  
  53  4:15  Twilight Council  
  53  4:16  Gateway  
  53  4:17  Gateway  
  53  4:19  Probe x2  
  53  4:23  Pylon  
  55  4:29  Adept x2  
  55  4:31  Assimilator  
  59  4:33  Assimilator  
  59  4:37  Probe x2  
  61  4:38  Pylon  
  61  4:44  Resonating Glaives (Chrono Boost)  
  61  4:49  Adept x2, Probe x2  
  67  5:01  Probe x2  
  69  5:13  Probe x2  
  71  5:15  Probe  
  71  5:16  Adept x4  
  71  5:20  Robotics Facility  
  80  5:25  Probe x2  
  80  5:27  Probe  
  83  5:36  Adept x3  
  83  5:37  Adept  
  83  5:41  Probe x2  
  93  5:45  Pylon x2  
  93  5:55  Pylon  
  93  6:03  Probe  
  93  6:04  Adept x4  
  98  6:05  Pylon  
  102  6:12  Observer, Robotics Bay  
  102  6:15  Probe  
  102  6:16  Probe  
  103  6:25  Adept x4  
  105  6:34  Probe x2  
  105  6:38  Gateway  
  101  6:40  Gateway  
  101  6:42  Gateway  
  101  6:45  Forge  
  95  6:49  Probe x3  
  94  6:55  Stalker x4  
  94  6:56  Assimilator  
  102  7:01  Assimilator  
  102  7:02  Blink  
  102  7:05  Disruptor (Chrono Boost), Pylon  
  102  7:08  Probe x3  
  105  7:12  Robotics Facility  
  109  7:17  Protoss Ground Weapons Level 1 (Chrono Boost)  
  109  7:25  Nexus  
  109  7:27  Pylon  
  109  7:29  Photon Cannon  
  109  7:31  Shield Battery  
  109  7:33  Disruptor (Chrono Boost)  
  113  7:41  Probe x3  
  116  7:44  Pylon  
  116  7:55  Gateway, Probe x2  
  116  7:56  Disruptor (Chrono Boost), Probe  
  119  7:59  Disruptor (Chrono Boost)  
  127  8:08  Stalker x7  
  141  8:14  Pylon  
  141  8:17  Pylon  
  141  8:18  Pylon  
  141  8:23  Disruptor (Chrono Boost)  
  141  8:25  Warp Prism (Chrono Boost)  
  147  8:35  Pylon, Stalker x3  
  153  8:47  Stalker x4  
  161  8:50  Probe x3  
  162  9:03  Charge  
  138  9:11  Stalker x8  
  114  9:34  Disruptor x2 (Chrono Boost)  
  114  9:37  Probe x2  
  114  9:38  Assimilator, Probe x2  
  126  9:39  Protoss Ground Weapons Level 2 (Chrono Boost), Assimilator  
  126  9:46  Stalker x6  
  126  9:50  Zealot x2  
  142  9:53  Shield Battery  
  142  9:56  Shield Battery  
  142  10:07  Disruptor (Chrono Boost)  
  142  10:11  Zealot x8  
  142  10:12  Disruptor (Chrono Boost)  
  164  10:26  Nexus  
  164  10:28  Pylon  
  164  10:36  Disruptor (Chrono Boost)  
  164  10:38  Disruptor (Chrono Boost)  
  172  10:48  Zealot x8  
  188  11:09  Stalker x6  
  192  11:21  Disruptor x2 (Chrono Boost)  
  160  11:38  Stalker x8  
  174  11:40  Robotics Facility  
  174  11:42  Probe x4  
  174  11:44  Unknown  
  178  11:48  Disruptor x2 (Chrono Boost)  
  184  12:08  Zealot x8  
  200  12:13  Templar Archives  
  200  12:15  Gateway  
  200  12:19  Gateway  
  195  12:23  Observer x2  
  176  12:30  Zealot x8  
Show
View Real Time Build Order
Export as new Build Order

Lambo Zerg 

Build Orders: Hatch First, Lurkers, Roach Hydra 

Get SALT Encoding   

  12  0:00  Drone  
  13  0:12  Overlord  
  13  0:18  Drone  
  14  0:30  Drone x2  
  16  0:42  Drone  
  17  0:50  Hatchery  
  17  0:54  Drone  
  18  0:57  Drone  
  18  1:08  Extractor  
  18  1:11  Spawning Pool  
  16  1:15  Drone  
  16  1:18  Drone  
  18  1:27  Drone  
  19  1:38  Drone  
  20  1:52  Overlord  
  20  1:58  Queen  
  22  2:02  Queen  
  22  2:03  Zergling x2, Drone  
  22  2:08  Metabolic Boost  
  26  2:11  Zergling x2  
  27  2:16  Drone  
  27  2:21  Drone  
  29  2:25  Drone  
  30  2:34  Hatchery  
  30  2:36  Drone  
  30  2:42  Drone  
  31  2:45  Queen  
  31  2:49  Overlord  
  33  2:54  Zergling x2  
  34  2:59  Drone x2  
  36  3:08  Queen  
  38  3:13  Zergling x2  
  38  3:14  Drone x3  
  41  3:24  Queen  
  41  3:26  Zergling x2  
  43  3:30  Overlord  
  43  3:31  Overlord  
  43  3:33  Extractor  
  42  3:35  Zergling x2  
  43  3:42  Overlord  
  43  3:47  Queen  
  43  3:48  Queen  
  48  3:50  Drone x2  
  48  3:52  Drone  
  48  3:54  Zergling x2  
  48  3:55  Zergling x2  
  53  3:56  Drone  
  53  4:00  Drone x2  
  56  4:03  Spore Crawler  
  56  4:05  Drone x2  
  57  4:14  Drone x3  
  57  4:18  Drone x2  
  57  4:20  Spore Crawler  
  57  4:22  Drone  
  59  4:26  Drone, Spore Crawler  
  59  4:27  Drone  
  59  4:30  Drone x2  
  62  4:32  Drone  
  62  4:35  Drone x2  
  65  4:43  Roach Warren  
  65  4:44  Drone  
  65  4:45  Overlord  
  65  4:51  Overlord  
  65  4:55  Overlord  
  65  4:57  Extractor  
  65  4:58  Drone  
  64  5:02  Drone x3  
  64  5:03  Drone x2  
  64  5:04  Drone x3  
  64  5:06  Drone x2  
  72  5:09  Drone  
  72  5:12  Drone  
  72  5:13  Drone  
  76  5:21  Drone x2  
  76  5:22  Extractor  
  76  5:26  Zergling x14  
  76  5:28  Drone x3  
  86  5:32  Drone  
  86  5:34  Lair  
  87  5:36  Drone, Evolution Chamber  
  87  5:39  Roach  
  87  5:42  Extractor, Roach  
  90  5:45  Overlord  
  90  5:46  Overlord  
  90  5:49  Overlord x2  
  90  5:58  Overlord  
  90  6:03  Roach x4  
  98  6:05  Roach x3  
  98  6:08  Roach x2  
  98  6:10  Extractor  
  107  6:15  Roach  
  107  6:16  Roach x2  
  108  6:19  Roach  
  108  6:22  Zergling x8  
  114  6:30  Zergling x10  
  109  6:35  Roach  
  102  6:51  Drone x4  
  104  6:54  Glial Reconstitution  
  104  6:56  Roach  
  106  7:03  Drone x6  
  106  7:07  Drone  
  113  7:10  Extractor, Drone x3  
  115  7:16  Drone  
  115  7:21  Drone  
  117  7:25  Zerg Missile Weapons Level 1, Hatchery  
  117  7:29  Zergling x2, Roach x2  
  121  7:30  Infestation Pit  
  120  7:38  Zergling x16  
  128  7:45  Zergling x4  
  128  7:47  Hydralisk Den  
  129  7:57  Drone, Hatchery  
  129  7:58  Drone, Overlord  
  130  7:59  Overlord x2  
  130  8:00  Overlord  
  130  8:02  Overlord  
  130  8:07  Overlord  
  130  8:08  Overlord  
  130  8:15  Hive  
  130  8:19  Hydralisk x3  
  136  8:22  Hydralisk x2  
  140  8:27  Hydralisk x2  
  140  8:29  Drone x2  
  140  8:33  Hydralisk  
  147  8:37  Extractor, Muscular Augments  
  147  8:39  Hydralisk  
  147  8:41  Lurker Den  
  147  8:47  Zergling x14  
  147  8:48  Ravager  
  153  8:52  Zergling x6  
  153  8:54  Extractor  
  153  8:55  Zergling x2, Roach  
  149  9:03  Roach x4  
  149  9:07  Zergling x8  
  146  9:10  Zergling x4  
  144  9:17  Zergling x2  
  144  9:20  Roach x5  
  143  9:27  Roach x4  
  143  9:31  Viper x2  
  147  9:33  Zergling x4  
  147  9:37  Drone x4  
  155  9:41  Zerg Missile Weapons Level 2  
  155  9:43  Zergling x4  
  153  9:50  Grooved Spines  
  153  9:52  Zergling x12  
  158  9:56  Hydralisk x2  
  162  10:01  Hydralisk x2  
  162  10:03  Overseer  
  162  10:04  Drone x2  
  162  10:05  Drone  
  169  10:13  Hydralisk x2  
  173  10:18  Drone  
  173  10:19  Spine Crawler  
  173  10:22  Seismic Spines, Hydralisk x2  
  173  10:25  Zergling x8  
  173  10:27  Overlord  
  181  10:28  Overseer  
  181  10:33  Zergling x10  
  181  10:34  Zergling x2  
  144  10:36  Roach  
  144  10:39  Roach  
  145  10:43  Roach  
  145  10:44  Roach x2  
  145  10:46  Roach x2  
  145  10:47  Roach  
  145  10:49  Lurker x2  
  156  10:51  Roach  
  163  10:57  Roach x3  
  163  11:03  Roach x4  
  171  11:04  Lurker  
  171  11:05  Lurker  
  173  11:14  Roach x6  
  180  11:20  Roach x4  
  180  11:22  Hydralisk  
  170  11:30  Zergling x14  
  174  11:37  Hydralisk x3  
  178  11:41  Hydralisk x2  
  178  11:46  Adaptive Talons  
  182  11:53  Overlord  
  182  11:59  Overseer  
  179  12:09  Hydralisk x2, Overlord  
  179  12:13  Zergling x18  
  192  12:19  Hatchery  
  183  12:24  Roach x6  
  183  12:27  Roach x2  
Tags
 
Add a new tag
Caveats
  • Supply blocks, unpowered buildings, or Contaminate may cause inaccurate times.
  • Supply counts are checked every 10 seconds.